 Dungeon Crawl Stone Soup version 0.23.1 (webtiles) character file.

Game seed: 6890380779468896062

88 Borgoz the Sneak (level 4, 0/37 HPs)
             Began as a Ghoul Enchanter on Mar 3, 2019.
             Slain by an orc wizard
             ... wielding a +1 dagger of speed
              (1 damage)
             ... on level 3 of the Dungeon.
             The game lasted 00:04:58 (1662 turns).

Borgoz the Sneak (Ghoul Enchanter)                  Turns: 1662, Time: 00:04:59

Health: 0/37       AC:  3    Str: 11    XL:     4   Next: 54%
Magic:  5/5        EV: 12    Int: 10    God:
Gold:   106        SH:  0    Dex: 10    Spells: 3/6 levels left

rFire    . . .     SeeInvis .   i - +1 dagger (vamp)
rCold    + . .     Gourm    .   (no shield)
rNeg     + + +     Faith    .   g - +0 leather armour
rPois    ∞         Spirit   .   (no helmet)
rElec    .         Reflect  .   (no cloak)
rCorr    .         Harm     .   (no gloves)
MR       .....                  (no boots)
Stlth    +.........             (no amulet)
HPRegen  0.00/turn              (no ring)
MPRegen  0.09/turn              (no ring)

@: confused, about to teleport, rotting
A: rotting body, claws 1, carnivore, cold resistance 1, negative energy
resistance 3, inhibited regeneration, torment resistance, unbreathing
a: no special abilities


You were on level 3 of the Dungeon.
You were not hungry.

You visited 1 branch of the dungeon, and saw 3 of its levels.

You collected 106 gold pieces.

Inventory:

Hand Weapons
 i - a +1 vampiric dagger (weapon)
 m - a +0 blowgun
Missiles
 h - 11 javelins (quivered)
 n - 16 poisoned needles
Armour
 g - a +0 leather armour (worn)
Wands
 a - a wand of digging (4)
Scrolls
 f - a scroll of blinking {unknown}
 j - a scroll of identify {unknown}
 k - a scroll of enchant armour {unknown}
 o - a scroll of noise {unknown}
Potions
 l - a potion of magic
Comestibles
 d - 4 rations


   Skills:
 * Level 2.5 Fighting
 * Level 2.2 Short Blades
 + Level 1.1 Armour
 + Level 2.2 Dodging
 - Level 3.2 Stealth
 - Level 1.7 Spellcasting
 - Level 2.4 Hexes


You had 3 spell levels left.
You knew the following spells:

 Your Spells              Type           Power        Failure   Level  Hunger
a - Corona                Hex            #......      16%         1    ##.....
b - Ensorcelled Hibernat  Hex/Ice        #.....       36%         2    ###....

Your spell library contained the following spells:

 Spells                   Type           Power        Failure   Level  Hunger
 Confuse                  Hex            #.......     43%         3    ####...
 Tukima's Dance           Hex            #.......     43%         3    ####...
 Dazzling Spray           Conj/Hex       #.....       61%         3    ####...


Dungeon Overview and Level Annotations

Branches:
Dungeon (3/15)

Altars:
Cheibriados

Annotations:
D:2 Terence


Innate Abilities, Weirdness & Mutations

Your body is rotting away.
You thrive on raw meat.
You are immune to poison.
You have sharp fingernails.
You are carnivorous and can eat meat at any time.
Your flesh is cold resistant. (rC+)
You are immune to negative energy. (rN+++)
You do not regenerate when monsters are visible.
You are immune to unholy pain and torment.
You can survive without breathing.


Message History

You miss something.
You hear some strange, mumbled words.
A puff of flame appears from out of thin air!
The puff of flame hits you!
* * * LOW HITPOINT WARNING * * *
Okay, then.
As you read the scroll labeled KIQIYZ LOTI, it crumbles to dust.
It is a scroll of amnesia.
Okay, then.
Something hits you.
* * * LOW HITPOINT WARNING * * *
Okay, then.
Okay, then.
As you read the scroll labeled UCRASU AC WOI, it crumbles to dust.
You feel strangely unstable.
It was a scroll of teleportation.
Something hits you but does no damage.
You hear some strange, mumbled words.
You are confused.
You bump into the rock wall.
Something hits you.
You die...

#..# #####..###
#.........#
#.........#
#.........#
#.........#
#########.##
##########..#+##
#...@{ooo......#
#.#####o.......#
# #........#
#........#
#oo......#
#o.......#
.........#
###.......#
+.....>.#


You could see 4 orcs.

Vanquished Creatures
  Ijyb (D:3)
  An ooze (D:3)
  3 dart slugs (D:2)
  A leopard gecko (D:1)
  3 orcs (D:3)
  4 giant cockroaches
  7 goblins
  2 hobgoblins
  2 quokkas (D:2)
  2 ball pythons
  5 bats
  3 frilled lizards (D:1)
  4 kobolds (D:3)
  9 rats
47 creatures vanquished.

Notes
Turn   | Place    | Note
-------+----------+-------------------------------------------
     0 | D:1      | Borgoz the Ghoul Enchanter began the quest for the Orb.
     0 | D:1      | Reached XP level 1. HP: 14/14 MP: 2/2
     6 | D:1      | Noticed a hound
     6 | D:1      | Noticed a polar bear
     6 | D:1      | Noticed a salamander
     7 | D:1      | Noticed a swamp drake
    51 | D:1      | Reached skill level 1 in Short Blades
   193 | D:1      | Reached XP level 2. HP: 17/22 MP: 3/3
   213 | D:1      | Reached skill level 1 in Fighting
   762 | D:2      | Reached XP level 3. HP: 26/28 MP: 4/4
   784 | D:2      | Noticed a phantom
   827 | D:2      | Found a snail-covered altar of Cheibriados.
   932 | D:2      | Noticed Terence
  1161 | D:1      | Learned a level 2 spell: Ensorcelled Hibernation
  1424 | D:3      | Noticed Ijyb
  1553 | D:3      | Killed Ijyb
  1553 | D:3      | Reached skill level 1 in Armour
  1553 | D:3      | Reached XP level 4. HP: 23/37 MP: 5/5
  1660 | D:3      | HP: 1/37 [something (2)]
  1662 | D:3      | Slain by an orc wizard

Skill      XL: |  1  2  3 |
---------------+----------+-----
Short Blades   | 1 2 |  2.2
Fighting       | 1 2 |  2.5
Dodging        | 2 |  2.2
Armour         | 1 |  1.1
Stealth        | |  3.2
Spellcasting   | |  1.7
Hexes          | |  2.4

Action                   |  1- 3 |  4- 6 || total
-------------------------+-------+-------++-------
Melee: Dagger            |   283 |    41 ||   324
 Cast: Corona            |     3 |       ||     3
       Ensorcelled Hiber |     1 |       ||     1
  Use: Potion            |     2 |       ||     2
       Scroll            |       |     2 ||     2
 Stab: Sleeping          |     2 |     1 ||     3
  Eat: Chunk             |    19 |     4 ||    23
Armor: Robe              |    13 |       ||    13
       Leather armour    |    54 |    10 ||    64
Dodge: Dodged            |   157 |     9 ||   166
